 Dungeon Crawl Stone Soup version 0.31-a0-259-g771a54ca4b (webtiles) character file.

Game seed: 7293061097812062087

104 qw the Shooter (level 4, -1/26 HPs)
             Began as a Gargoyle Hexslinger on July 13, 2023.
             Slain by Natasha (2 damage)
             ... on level 2 of the Dungeon.
             The game lasted 00:00:40 (1340 turns).

qw the Shooter (Gargoyle Hexslinger)                Turns: 1340, Time: 00:00:40

Health: -1/26      AC:  7    Str: 12    XL:     4   Next: 80%
Magic:  5/5        EV: 11    Int: 13    God:
Gold:   37         SH:  0    Dex: 14    Spells: 4/5 levels left

rFire   . . .        Y - +2 sling
rCold   . . .        (no shield)
rNeg    + . .        g - +0 leather armour
rPois   inf          h - +0 helmet
rElec   +            (no cloak)
rCorr   .            (no gloves)
SInv    .            (no boots)
Will    .....        (no amulet)
Stlth   +            (no ring)
HPRegen 0.24/turn    (no ring)
MPRegen 0.09/turn

%: no passive effects
@: about to teleport
A: sickness immunity, AC +3, negative energy resistance 1, electricity
resistance, torment resistance 1, petrification resistance
a: no special abilities


You were on level 2 of the Dungeon.
You visited 1 branch of the dungeon, and saw 2 of its levels.

You collected 37 gold pieces.


Innate Abilities, Weirdness & Mutations

You are immune to sickness and miasma.
Your stone body is resilient. (AC +3)
You are immune to poison.
You resist negative energy. (rN+)
You are resistant to electric shocks. (rElec)
You are resistant to unholy torment.
You are immune to petrification.


   Skills:
 - Level 2.0 Fighting
 + Level 4.5 Ranged Weapons
 - Level 1.5 Dodging
 - Level 1.0 Spellcasting
 - Level 2.6 Hexes


You had 4 spell levels left.
You knew the following spells:

 Your Spells              Type           Power      Damage    Failure   Level
a - Slow                  Hex            28%        N/A       12%         1

Your spell library contained the following spells:

 Spells                   Type           Power      Damage    Failure   Level
 Inner Flame              Hex/Fire       4%         N/A       52%         3
 Portal Projectile        Hex/Tloc       8%         N/A       52%         3
 Cause Fear               Hex            3%         N/A       75%         4

Inventory:

Hand Weapons
 Y - a +2 sling (weapon)
Armour
 g - a +0 leather armour (worn)
 h - a +0 helmet (worn)
Scrolls
 a - a scroll of noise {unknown}
Potions
 b - a potion of attraction {unknown}
 d - a potion of brilliance {unknown}
 e - 2 potions of ambrosia {unknown}
 j - a potion of lignification {unknown}
 k - a potion of degeneration {unknown}

Dungeon Overview and Level Annotations

Branches:
Dungeon (2/15)

Altars:

Annotations:
D:2 Natasha


Message History

You shoot a sling bullet. The sling bullet misses Natasha.
Natasha hisses angrily.
You shoot a sling bullet.
The sling bullet closely misses Natasha.
Natasha drinks a potion.
Natasha seems to speed up.
You shoot a sling bullet. The sling bullet barely misses Natasha.
Natasha casts a spell.
You shoot a sling bullet.
The sling bullet barely misses the cerulean imp.
You shoot a sling bullet. The sling bullet hits Natasha.
Natasha is lightly wounded.
Natasha barely misses you. The cerulean imp barely misses you.
You shoot a sling bullet. The sling bullet hits Natasha.
Natasha is lightly wounded.
Natasha closely misses you.
The cerulean imp hits you but does no damage.
Natasha barely misses you.
You shoot a sling bullet. The sling bullet misses Natasha.
Natasha claws you. The cerulean imp completely misses you.
You shoot a sling bullet. The sling bullet hits Natasha.
Natasha is moderately wounded.
Natasha claws you. x2
The cerulean imp hits you from afar with a +2 spear.
You shoot a sling bullet.
The sling bullet closely misses Natasha.
Natasha claws you.
The cerulean imp hits you but does no damage.
Natasha claws you!
You shoot a sling bullet. The sling bullet barely misses Natasha.
Natasha barely misses you.
The cerulean imp hits you from afar with a +2 spear.
Natasha casts a spell.
The cerulean imp hits you from afar with a +2 spear.
1340 ||| READING scroll of teleportation.
As you read the scroll of teleportation, it crumbles to dust.
You feel strangely unstable. Natasha closely misses you.
The cerulean imp hits you from afar with a +2 spear.
Natasha claws you.
You die...

..###.# #..........# #.
#...#.###########..........####..
..#........................#....#
..###.###########..............#
..##..# #.........##..# .)#.<##
##........##.# ## ....##
#.5..........###. ...##
###..5.......##.... .<##
##.@h...).....##.### ...##
####..#..........##.# ....#
####...%...............#
..[.####....)..###..........###
#.#..)...#..######.....:.####
#.###......####....###..##
................#### #.## #
............##########.# #
.%....#.....##.........# #####


You could see Natasha (fast) and 2 cerulean imps.

Vanquished Creatures
  Natasha (twice) (D:2)
  A dart slug (D:2)
  8 bats
  3 endoplasms
  3 giant cockroaches (D:1)
  5 goblins
  9 hobgoblins
  2 jackals (D:2)
  6 kobolds
  A quokka (D:1)
  3 ball pythons (D:1)
  2 frilled lizards
  5 rats
50 creatures vanquished.

Notes
Turn   | Place    | Note
-------+----------+-------------------------------------------
     0 | D:1      | qw the Gargoyle Hexslinger began the quest for the Orb.
     0 | D:1      | Reached XP level 1. HP: 12/12 MP: 2/2
     0 | D:1      | 0 ||| qw: Version: 0.3-a-52-g30416fa
     0 | D:1      | 0 ||| qw: Game counter: 6882
     0 | D:1      | 0 ||| qw: Melee chars always use a shield: true
     0 | D:1      | 0 ||| qw: God list: Okawaru
     0 | D:1      | 0 ||| qw: Allow faded altars: false
     0 | D:1      | 0 ||| qw: Do Orc after clearing Dungeon:15 true
     0 | D:1      | 0 ||| qw: Do second Lair branch before Depths: true
     0 | D:1      | 0 ||| qw: Lair rune preference: random
     0 | D:1      | 0 ||| qw: Goals: Normal
     0 | D:1      | 0 ||| PLANNING D:1-11
   235 | D:1      | Reached XP level 2. HP: 16/16 MP: 3/3
   296 | D:1      | Reached skill level 3 in Ranged Weapons
   377 | D:1      | HP: 4/17 [rat (2)]
   379 | D:1      | Reached XP level 3. HP: 6/21 MP: 4/4
   762 | D:1      | 762 ||| UPGRADING to +0 leather armour.
   772 | D:1      | 772 ||| DROPPING +0 robe.
   773 | D:1      | 773 ||| UPGRADING to +0 helmet.
   778 | D:1      | 778 ||| READING scroll labelled XAGOKHLYNLI.
   779 | D:1      | 779 ||| READING scroll labelled ETIN SYPNU.
   780 | D:1      | 780 ||| READING scroll labelled SIEHES YNYUC.
   784 | D:1      | 784 ||| DROPPING scroll of poison.
  1002 | D:2      | Noticed Natasha
  1012 | D:2      | Killed Natasha
  1013 | D:2      | Reached skill level 4 in Ranged Weapons
  1013 | D:2      | Reached XP level 4. HP: 20/26 MP: 5/5
  1170 | D:2      | Noticed Natasha
  1173 | D:2      | 1173 ||| FLEEEEING.
  1174 | D:2      | 1174 ||| FLEEEEING.
  1175 | D:2      | 1175 ||| FLEEEEING.
  1179 | D:2      | 1179 ||| FLEEEEING.
  1180 | D:2      | 1180 ||| FLEEEEING.
  1184 | D:2      | HP: 4/26 [Natasha/magic dart (4)]
  1185 | D:2      | Killed Natasha
  1329 | D:2      | Noticed Natasha
  1339 | D:2      | HP: 3/26 [cerulean imp/+2 spear[Natasha] (4)]
  1340 | D:2      | 1340 ||| READING scroll of teleportation.
  1340 | D:2      | HP: 1/26 [cerulean imp/+2 spear[Natasha] (3)]
  1340 | D:2      | Slain by Natasha

Levels and vault maps discovered:
D:1:      dpeg_arrival_oval, layout_basic, kennysheep_minor_cross
D:2:      layout_rooms, uniq_natasha

Skill      XL: |  1  2  3 |
---------------+----------+-----
Ranged Weapons | 3 4 |  4.5
Fighting       | 2 |  2.0
Dodging        | |  1.5
Spellcasting   | |  1.0
Hexes          | |  2.6

Action                     |  1- 3 |  4- 6 || total
---------------------------+-------+-------++-------
   Fire: Sling             |   140 |    28 ||   168
    Use: Scroll            |     3 |     1 ||     4
 Armour: Robe              |    19 |       ||    19
         Leather armour    |    17 |     3 ||    20
  Dodge: Dodged            |    77 |     8 ||    85

Table legend:
 A = Non-vault XP
 B = Vault XP
 C = Vault XP percentage of total XP
 D = Non-vault monster count
 E = Vault monster count
 F = Vault count percentage of total count
                 A         B        C        D         E       F
            +---------+---------+-------+---------+---------+-------
      Total |     114 |      35 |  23.5 |      49 |       1 |   2.0
            +---------+---------+-------+---------+---------+-------
        D:1 |      49 |       0 |   0.0 |      30 |       0 |   0.0
        D:2 |      65 |      35 |  35.0 |      19 |       1 |   5.0
            +---------+---------+-------+---------+---------+-------
